 Dungeon Crawl Stone Soup version 0.30.0-19-g36f170ea60 (webtiles) character file.

Game seed: 12774193765312287200

31824 Graphine the Spry (level 13, -6/111 HPs)
             Began as a Merfolk Monk on May 28, 2023.
             Was the Champion of Zin.
             Shot with an arrow by a deep elf archer (17 damage)
             ... on level 1 of the Elven Halls.
             The game lasted 00:44:56 (14504 turns).

Graphine the Spry (Merfolk Monk)                   Turns: 14504, Time: 00:44:56

Health: -6/111     AC: 17    Str: 14    XL:     13   Next: 60%
Magic:  22/22      EV: 23    Int:  9    God:    Zin [******]
Gold:   648        SH:  5    Dex: 25    Spells: 12/12 levels left

rFire   + . .        K - +9 long sword (freeze)
rCold   + . .        d - orb {light}
rNeg    . . .        A - +5 ring mail
rPois   .            V - +2 helmet
rElec   .            Q - +1 cloak
rCorr   .            W - +0 pair of gloves
SInv    .            D - +0 pair of boots
Will    .....        x - amulet of reflection
Stlth   +            p - ring of Sumur {rF+ rC+ Str+3 Dex+3}
HPRegen 0.38/turn    j - +4 ring of slaying
MPRegen 0.18/turn

%: reflection
@: slowed, glowing, very slow
A: (nimble swimmer 2), mertail
a: Renounce Religion, Recite, Vitalisation, Imprison, Sanctuary, Donate Gold


You were on level 1 of the Elven Halls.
You worshipped Zin.
Zin was exalted by your worship.
You visited 3 branches of the dungeon, and saw 14 of its levels.
You visited 1 bazaar.
You also visited: Sewer.

You collected 1620 gold pieces.
You spent 810 gold pieces at shops.
You donated 162 gold pieces to Zin.

Inventory:

Hand Weapons
 J - a +4 falchion of freezing
 K - a +9 long sword of freezing (weapon)
Missiles
 s - a curare-tipped dart
 v - 2 throwing nets
 B - 2 boomerangs of dispersal
 S - 4 javelins (quivered)
 T - 11 boomerangs
 Z - 6 silver boomerangs
Armour
 b - a +0 robe
 d - an orb of light (worn)
 A - a +5 ring mail (worn)
 D - a +0 pair of boots (worn)
 Q - a +1 cloak (worn)
 V - a +2 helmet (worn)
 W - a +0 pair of gloves (worn)
Magical Staves
 g - a staff of cold
Jewellery
 i - a ring of ice
 j - a +4 ring of slaying (right hand)
 m - a ring of resist corrosion
 p - the ring of Sumur (left hand) {rF+ rC+ Str+3 Dex+3}
   (You bought it in a shop on level 2 of the Orcish Mines)

   [ring of protection from fire]

   Str:       It affects your strength (+3).
   Dex:       It affects your dexterity (+3).
   rF:        It protects you from fire.
   rC:        It protects you from cold.
 t - a ring of protection from fire
 x - an amulet of reflection (around neck)
 F - a +6 ring of intelligence
 H - a ring of fire
 P - a +6 ring of strength
 R - a ring of wizardry
Wands
 y - a wand of flame (42)
 I - a wand of charming (14)
Scrolls
 e - 7 scrolls of teleportation
 n - a scroll of vulnerability
 o - a scroll of torment
 w - a scroll of magic mapping
 C - a scroll of immolation
 E - 5 scrolls of fog
 G - a scroll of enchant armour
 L - a scroll of noise
Potions
 a - 2 potions of curing
 c - 3 potions of ambrosia
 f - 3 potions of lignification
 h - 5 potions of mutation
 k - 3 potions of degeneration
 l - 3 potions of might {unknown}
 q - a potion of magic {unknown}
 r - 3 potions of invisibility {unknown}
 z - a potion of haste {unknown}
 M - a potion of resistance
 N - 2 potions of flight {unknown}
 U - a potion of berserk rage {unknown}
 Y - a potion of attraction {unknown}
Miscellaneous
 O - a lightning rod (4/4)


   Skills:
 + Level 13.3 Fighting
 - Level 14.0 Long Blades
 + Level 15.7 Dodging
 + Level 12.0 Invocations


You had 12 spell levels left.
You didn't know any spells.
Your spell library contained the following spells:

 Spells                   Type           Power      Damage    Failure   Level
 Apportation              Tloc           0%         N/A       63%         1
 Blink                    Tloc           0%         N/A       77%         2
 Scorch                   Fire           0%         2d5       77%         2
 Sublimation of Blood     Necr           0%         N/A       77%         2
 Wereblood                Tmut           0%         N/A       77%         2
 Inner Flame              Hex/Fire       0%         N/A       94%         3
 Flame Wave               Conj/Fire      0%         2d4       100%        4
 Manifold Assault         Tloc           0%         N/A       100%        4
 Sticky Flame             Conj/Fire      0%         2d3       100%        4
 Alistair's Intoxication  Tmut/Pois      0%         N/A       100%        5
 Summon Cactus Giant      Summ           0%         N/A       100%        6
 Storm Form               Tmut/Air       0%         N/A       100%        7
 Summon Hydra             Summ           0%         N/A       100%        7


Dungeon Overview and Level Annotations

Branches:
Dungeon (11/15)            Temple (0/1) D:7            Lair (0/5) D:8
    Orc (2/2) D:11            Elf (1/3) Orc:2         Sewer (visited)

Altars:
Yredelemnul
Zin
The Shining One

Shops:
D:2 =   D:7 [?[!   D:8 [   Orc:2 (=[*


Innate Abilities, Weirdness & Mutations

((You are very nimble when in or above water. (Stealth+, EV+, Speed+++)))
Your lower body shifts to a powerful aquatic tail in water.


Message History

Found a broad axe.
You are ready to recite again.
The fire elemental hits you. The fire elemental burns you! You resist.
The deep elf archer unwields a +0 short sword.
The deep elf archer wields a +0 shortbow.
The deep elf archer shoots an arrow.
The arrow hits you!
* * * LOW HITPOINT WARNING * * *
You slice the deep elf pyromancer!! You freeze the deep elf pyromancer!
The deep elf pyromancer is severely wounded.
The fire elemental hits you. The fire elemental burns you! You resist.
* * * LOW HITPOINT WARNING * * *
The deep elf pyromancer hits you but does no damage.
The deep elf archer casts a spell.
The deep elf archer blinks!
The fire elemental hits you. The fire elemental burns you! You resist.
* * * LOW HITPOINT WARNING * * *
Okay, then.
The deep elf zephyrmancer mumbles some strange words.
The deep elf zephyrmancer blinks!
The deep elf pyromancer gestures wildly while chanting.
The deep elf archer casts a spell at you.
You resist with some effort. The fire elemental misses you.
The fire elemental barely misses you. The fire elemental hits you.
The fire elemental burns you! You resist.
* * * LOW HITPOINT WARNING * * *
The deep elf archer casts a spell.
The deep elf archer blinks!
Okay, then.
The fire elemental hits you. The fire elemental burns you! You resist.
* * * LOW HITPOINT WARNING * * *
The fire elemental hits you. The fire elemental burns you! You resist.
* * * LOW HITPOINT WARNING * * *
Okay, then.
You are too confused!
You feel better. The fire elemental hits you. The fire elemental burns you!
You resist.
* * * LOW HITPOINT WARNING * * *
The fire elemental barely misses you.
The deep elf archer shoots an arrow.
The arrow hits you!
You die...

########...#
#......#e..#
#<....⌠#...#
###..###...#
#......#...+
#..[)..#...#######
#..##..#..........
#......#..@..)....
#......#.EE#######
###..###°○E#
+......°e○°#
+......'e°e#
########...#
.....§.).E.#
...........°.....
.......Ee..○.......


You could see 2 deep elf archers, 2 deep elf pyromancers and 4 fire elementals.

Vanquished Creatures
  The ghost of Jisity the Bludgeoner, an adept HuFi of Okawaru (Orc:1)
  An orc warlord (Orc:2)
  Harold (D:9)
  Erica (D:11)
  5 two-headed ogres
  A deep elf knight (Elf:1)
  5 orc high priests (Orc:2)
  Nergalle (D:10)
  Amaemon (D:9)
  The ghost of Gravitas the Arsonist, a novice GrFE of Sif Muna (D:10)
  3 orc knights (Orc:2)
  A deep elf zephyrmancer (Elf:1)
  A deep elf pyromancer (Elf:1)
  6 orc sorcerers
  An ugly thing (D:9)
  A centaur zombie (D:10)
  An orange demon (D:9)
  An ice statue (Orc:2)
  Joseph (D:9)
  An unseen horror (D:10)
  A kobold demonologist (D:11)
  4 trolls
  A hornet (D:10)
  A spectral meliai (D:10)
  Sigmund (D:3)
  An air elemental (Elf:1)
  A centaur simulacrum (D:10)
  2 wraiths
  A wyvern (D:7)
  A shadow (D:9)
  2 vampires
  A water elemental (D:11)
  13 yaks
  4 steam dragons
  An acid dragon (D:10)
  A water moccasin (D:9)
  33 orc warriors
  3 ice beasts
  A sky beast (D:7)
  2 black bears (D:5)
  6 ogres
  A centaur (D:5)
  A phantom (D:5)
  7 kobold brigands
  2 bullfrogs
  Blork the orc (D:6)
  3 scorpions
  5 wights
  17 killer bees
  3 howler monkeys
  9 electric eels
  A crimson imp (D:5)
  3 hounds
  4 jellies
  29 orc priests
  2 gnoll boudas
  A spectral boggart (D:10)
  3 sleepcaps (D:7)
  2 iguanas
  30 orc wizards
  8 gnolls
  13 adders
  3 river rats (Sewer)
  A white imp (D:5)
  2 ufetubi
  7 worms
  A dart slug (D:1)
  95 orcs
  5 bats
  8 endoplasms
  4 giant cockroaches
  6 goblins
  7 hobgoblins
  6 jackals
  2 quokkas
  9 ball pythons
  A frilled lizard (D:1)
  24 kobolds
  8 rats
450 creatures vanquished.

Notes
Turn   | Place    | Note
-------+----------+-------------------------------------------
     0 | D:1      | Graphine the Merfolk Monk began the quest for the Orb.
     0 | D:1      | Reached XP level 1. HP: 18/18 MP: 1/1
   371 | D:1      | Reached XP level 2. HP: 24/24 MP: 2/2
   407 | D:1      | Found a faded altar of an unknown god.
   956 | D:2      | Found Uraenac's One-of-a-Kind Rings.
  1069 | D:2      | Reached XP level 3. HP: 29/30 MP: 3/3
  1477 | D:2      | Reached XP level 4. HP: 37/37 MP: 4/4
  1669 | D:3      | Found a glowing drain.
  1681 | D:3      | Reached skill level 5 in Dodging
  1688 | Sewer    | Entered a sewer
  1838 | Sewer    | Noticed a kobold brigand
  1849 | Sewer    | Killed a kobold brigand
  1850 | Sewer    | Reached skill level 5 in Long Blades
  1850 | Sewer    | Reached XP level 5. HP: 30/43 MP: 5/5
  2028 | Sewer    | Noticed a kobold brigand
  2039 | Sewer    | Killed a kobold brigand
  2040 | Sewer    | Reached skill level 5 in Fighting
  2040 | Sewer    | Reached skill level 6 in Dodging
  2040 | Sewer    | Reached XP level 6. HP: 21/51 MP: 6/6
  2422 | D:3      | Reached XP level 7. HP: 36/56 MP: 7/7
  2644 | D:3      | Noticed Sigmund
  2678 | D:3      | Killed Sigmund
  2679 | D:3      | Reached skill level 7 in Dodging
  2829 | D:3      | Found a glowing silver altar of Zin.
  2832 | D:3      | Identified the +2 flail of Dutig {drain, rF+ rN+ Str+3}
  2838 | D:3      | Became a worshipper of Zin the Law-Giver
  2838 | D:3      | Reached * piety under Zin
  2838 | D:3      | Reached ** piety under Zin
  2870 | D:3      | Found a basalt altar of Yredelemnul.
  2901 | D:3      | Reached *** piety under Zin
  2943 | D:3      | You fall into a shaft and drop 3 floors!
  2974 | D:6      | Reached skill level 1 in Invocations
  2978 | D:5      | Entered Level 5 of the Dungeon
  3013 | D:4      | Reached XP level 8. HP: 62/65 MP: 9/9
  3469 | D:4      | Identified the +0 chain mail "Efif" {rN++ Dex+3}
  3732 | D:4      | Reached **** piety under Zin
  4257 | D:5      | Reached skill level 8 in Dodging
  4608 | D:5      | Found a glowing golden altar of the Shining One.
  4692 | D:6      | Noticed Blork the orc
  4695 | D:6      | Killed Blork the orc
  4714 | D:6      | Reached XP level 9. HP: 66/72 MP: 10/12
  4794 | D:6      | Reached skill level 9 in Dodging
  5143 | D:6      | Reached ***** piety under Zin
  5521 | D:6      | Reached skill level 5 in Invocations
  5648 | D:7      | Found Peul's Distillery.
  5654 | D:7      | Bought a potion of heal wounds for 50 gold pieces
  5719 | D:7      | Found Caukk's Antique Armour Boutique.
  5764 | D:7      | Reached skill level 10 in Dodging
  5864 | D:7      | Found Nomazi's Armour Shoppe.
  5902 | D:7      | Found a staircase to the Ecumenical Temple.
  6003 | D:7      | Reached XP level 10. HP: 71/82 MP: 14/14
  6052 | D:7      | Found Ruithachiy's Magic Scroll Shop.
  6056 | D:7      | Bought a scroll of enchant armour for 90 gold pieces
  6268 | D:8      | Found a staircase to the Lair.
  6324 | D:8      | Noticed a two-headed ogre
  6336 | D:8      | Killed a two-headed ogre
  6542 | D:8      | Found Haybito's Antique Armour Emporium.
  6583 | D:8      | Reached skill level 10 in Long Blades
  6718 | D:8      | Noticed a two-headed ogre
  6736 | D:8      | Killed a two-headed ogre
  6737 | D:8      | Reached skill level 11 in Dodging
  7724 | D:9      | Noticed Joseph
  7732 | D:9      | Killed Joseph
  7939 | D:9      | Noticed a brown ugly thing
  7950 | D:9      | Killed a brown ugly thing
  7951 | D:9      | Reached skill level 10 in Fighting
  7951 | D:9      | Reached XP level 11. HP: 62/90 MP: 16/16
  8046 | D:9      | Noticed Amaemon
  8052 | D:9      | Reached skill level 12 in Dodging
  8059 | D:9      | Killed Amaemon
  8271 | D:9      | Noticed Harold
  8283 | D:9      | Killed Harold
  8635 | D:10     | Entered Level 10 of the Dungeon
  8820 | D:10     | Noticed Nergalle
  8832 | D:10     | Killed Nergalle
  9204 | D:10     | Found a runed translucent gate.
  9204 | D:10     | Found a runed translucent gate.
  9204 | D:10     | Found a runed translucent gate.
  9204 | D:10     | Noticed Gravitas's ghost (novice GrFE)
  9582 | D:10     | Reached skill level 13 in Dodging
 10003 | D:10     | Killed Gravitas's ghost
 10004 | D:10     | Reached XP level 12. HP: 59/100 MP: 17/19
 10176 | D:11     | Noticed Erica
 10195 | D:11     | Killed Erica
 10340 | D:11     | Noticed a two-headed ogre
 10348 | D:11     | Killed a two-headed ogre
 10394 | D:11     | Noticed a two-headed ogre
 10401 | D:11     | Killed a two-headed ogre
 10486 | D:11     | Reached skill level 10 in Invocations
 10643 | D:11     | Reached ****** piety under Zin
 10832 | D:11     | Found a staircase to the Orcish Mines.
 11126 | Orc:1    | Entered Level 1 of the Orcish Mines
 11346 | Orc:1    | Found a runed translucent door.
 11347 | Orc:1    | Noticed Jisity's ghost (adept HuFi)
 11381 | Orc:1    | Killed Jisity's ghost
 11382 | Orc:1    | Reached skill level 14 in Dodging
 11804 | Orc:2    | Entered Level 2 of the Orcish Mines
 11804 | Orc:2    | Noticed an orc high priest
 11817 | Orc:2    | Found a gateway to a bazaar.
 11832 | Orc:2    | Killed an orc high priest
 11881 | Bazaar   | Entered a bazaar
 11895 | Bazaar   | Found Ucwum's Weapon Emporium.
 11895 | Bazaar   | Found Heipok's Assorted Antiques.
 11918 | Bazaar   | Found Vishiwki's Jewellery Emporium.
 11941 | Bazaar   | Found Hiethramuo's Armour Shoppe.
 11962 | Bazaar   | Found Jaewoy's Armour Emporium.
 12221 | Orc:2    | Noticed a two-headed ogre
 12229 | Orc:2    | Killed a two-headed ogre
 12324 | Orc:2    | Found a staircase to the Elven Halls.
 12405 | Orc:2    | Reached XP level 13. HP: 74/109 MP: 21/21
 12571 | Orc:2    | Reached skill level 15 in Dodging
 12738 | Orc:2    | Noticed an orc warlord
 13361 | Orc:2    | Killed an orc warlord
 13538 | Orc:2    | Found Sefu's Antique Armour Emporium.
 13539 | Orc:2    | Found Hekozuf's Antique Weapon Shoppe.
 13541 | Orc:2    | Found Owosionos's General Store.
 13541 | Orc:2    | Found Kosoiqyi's Jewellery Emporium.
 14127 | Orc:1    | Paralysed by an orc sorcerer for 2 turns
 14417 | Orc:2    | Bought the ring of Sumur {rF+ rC+ Str+3 Dex+3} for 670 gold
                  | pieces
 14459 | Elf:1    | Entered Level 1 of the Elven Halls
 14464 | Elf:1    | Paralysed by an air elemental for 1 turns
 14503 | Elf:1    | HP: 3/111 [fire elemental[a deep elf pyromancer] (6)]
 14504 | Elf:1    | Shot with an arrow by a deep elf archer

Illustrated notes

Levels and vault maps discovered:
D:1:      dpeg_arrival_morbid_curiosity, layout_loops_corners,
          shapermc_ecumenical_altar_mp_ritualfount, minivault_4
D:2:      layout_loops_ring, nicolae_shop_unique_rings,
          ebering_dispersal_statue_hall
D:3:      kennysheep_big_flooded_room, layout_rooms,
          mainiacjoe_overflow_catch_the_wave, cheibrodos_sewer_entry_sluice,
          st_stairs_9, uniq_sigmund
D:4:      layout_loops_corners, chequers_serial_rivers_micro_e,
          kennysheep_decorative_pillar, minmay_liquid_box,
          kennysheep_cluttered_room
D:5:      layout_cave_pools, tso_altar, minmay_fire_ice_demons
D:6:      layout_basic, uniq_blork_the_orc
D:7:      layout_cave_pools, minmay_temple_entry_overgrown, serial_shops,
          kennysheep_little_box, shop, nicolae_shop_statue_plus,
          nicolae_shop_tiny_statue_garden
D:8:      wad_lake_hut, layout_cave_pools, serial_shops, nicolae_shop_tiny_glass
D:9:      layout_roguey, kennysheep_potato, uniq_joseph, uniq_harold,
          uniq_amaemon
D:10:     layout_cave_pods, gammafunk_ghost_necromancy, special_room
          [special_room_orc], uniq_nergalle
D:11:     layout_big_octagon, erik_orc_2, uniq_erica
Orc:1:    layout_caves, gammafunk_ghost_grave
Orc:2:    st_orc_congregation, layout_caves, serial_shops, statue_bzr
Elf:1:    nicolae_elf_arrival_aired_out, layout_onion_city

Skill      XL: |  1  2  3  4  5  6  7  8  9 10 11 12 13 |
---------------+----------------------------------------+-----
Long Blades    | 4 5 6 7 8 9 10 12 13 14 | 14.0
Fighting       | 4 5 6 7 8 10 11 12 13 | 13.3
Dodging        | 5 6 7 8 10 11 13 14 15 | 15.7
Invocations    | 1 4 5 7 9 10 12 | 12.0

Action                     |  1- 3 |  4- 6 |  7- 9 | 10-12 | 13-15 || total
---------------------------+-------+-------+-------+-------+-------++-------
  Melee: Falchion          |    45 |       |    12 |       |       ||    57
         Long sword        |    15 |    80 |   204 |   548 |   188 ||  1035
         Tailslap          |       |    13 |     1 |     8 |       ||    22
         Short sword       |       |       |    25 |       |       ||    25
  Throw: Dart              |       |       |     1 |     1 |       ||     2
         Javelin           |       |       |       |     6 |       ||     6
 Invoke: Recite            |       |       |       |       |     1 ||     1
  Evoke: Wand              |       |       |     4 |       |     1 ||     5
         Lightning rod     |       |       |       |     8 |       ||     8
    Use: Scroll            |     2 |     2 |    11 |    10 |     2 ||    27
         Potion            |       |       |     2 |     7 |     1 ||    10
   Stab: Confused          |       |       |       |       |     1 ||     1
 Armour: Robe              |    11 |     5 |     2 |       |       ||    18
         Ring mail         |       |       |    54 |   115 |    49 ||   218
  Dodge: Dodged            |    51 |    61 |   166 |   385 |   119 ||   782
  Block: Orb               |       |       |    65 |    87 |    30 ||   182
         Reflection        |       |       |     1 |     1 |     2 ||     4
